 Dungeon Crawl Stone Soup version 0.28.0-45-g0d030f2227 (webtiles) character file.

Game seed: 4429574975734419824

38 Diomare the Poker (level 3, -13/28 HPs)
             Began as a Merfolk Gladiator on Apr 15, 2022.
             Mangled by Terence
             ... wielding a +2 hand axe of electrocution
              (19 damage)
             ... on level 2 of the Dungeon.
             The game lasted 00:09:10 (1794 turns).

Diomare the Poker (Merfolk Gladiator)               Turns: 1794, Time: 00:09:14

Health: -13/28     AC:  9    Str: 16    XL:     3   Next: 43%
Magic:  3/3        EV:  8    Int:  7    God:
Gold:   44         SH:  0    Dex: 15    Spells: 2/2 levels left

rFire   . . .      SeeInvis .   f - +2 short sword (speed)
rCold   . . .      Faith    .   (no shield)
rNeg    . . .      Spirit   .   g - +0 chain mail
rPois   .          Reflect  .   c - +0 helmet
rElec   .          Harm     .   (no cloak)
rCorr   .          Rampage  .   (no gloves)
Will    .....                   (no boots)
Stlth   ..........              (no amulet)
HPRegen 0.09/turn               (no ring)
MPRegen 0.08/turn               (no ring)

@: about to teleport
A: (nimble swimmer 2), mertail
a: no special abilities


You were on level 2 of the Dungeon.
You visited 1 branch of the dungeon, and saw 2 of its levels.

You collected 44 gold pieces.

Inventory:

Hand Weapons
 a - a +0 trident
 f - a +2 short sword of speed (weapon)
Missiles
 d - 3 throwing nets
 i - 5 poisoned darts (quivered)
Armour
 c - a +0 helmet (worn)
 g - a +0 chain mail (worn)
Wands
 h - a wand of polymorph (7)
Scrolls
 b - a scroll of identify
 e - a scroll of enchant armour
Potions
 k - a potion of curing {unknown}
 l - a potion of flight {unknown}


   Skills:
 + Level 2.4 Fighting
 * Level 1.2 Short Blades
 + Level 5.0 Polearms
 - Level 2.0 Throwing
 + Level 4.5 Dodging
 * Level 1.4 Stealth


You had 2 spell levels left.
You didn't know any spells.
Your spell library was empty.

Dungeon Overview and Level Annotations

Branches:
Dungeon (2/15)

Altars:

Annotations:
D:2 Terence


Innate Abilities, Weirdness & Mutations

((You are very nimble when in or above water. (Stealth+, EV+, Speed+++)))
Your lower body shifts to a powerful aquatic tail in water.


Message History

Terence the Incautious comes into view.
He is wielding a +2 hand axe of electrocution.
Okay, then.
Setting a skill training target for Throwing at 6.0.
Terence hits you but does no damage.
Terence is nearby!
You hit Terence.
Terence is lightly wounded.
Terence barely misses you.
You barely miss Terence.
Terence is lightly wounded.
You hit Terence but do no damage.
Terence is lightly wounded.
Terence hits you with a +2 hand axe of electrocution.
You hit Terence but do no damage.
Terence is lightly wounded.
Terence hits you but does no damage.
You hit Terence but do no damage.
Terence is lightly wounded.
You barely miss Terence.
Terence is lightly wounded.
Terence barely misses you.
You hit Terence but do no damage.
Terence is lightly wounded.
Terence hits you with a +2 hand axe of electrocution!
You hit Terence.
Terence is moderately wounded.
You hit Terence but do no damage.
Terence is moderately wounded.
Terence hits you with a +2 hand axe of electrocution!
* * * LOW HITPOINT WARNING * * *
Terence asks, "Do you want it fast or slow?"
Terence says, "You're history."
Terence is nearby!
As you read the scroll labelled LOPRAS GIOW, it crumbles to dust.
You feel strangely unstable.
It was a scroll of teleportation.
Terence hits you with a +2 hand axe of electrocution.
* * * LOW HITPOINT WARNING * * *
You are electrocuted!!
Ouch! That really hurt!
You die...

...# ...# .. ...# #######...
...### #......... .....#
#......... .....# #.........
.....# ##.......#
.....#################.#.#.#..##
)..............@@.......†(......
.....#################.#.#.#.###
.....## ... #........# ......#
@... ##.#.#.#.# ......# .....
#........# ......#......
####.#.#†#.# ......'......
.......<...# ......#######
#.#.#.#.### ####### #........#


You could see Terence.

Vanquished Creatures
  An adder (D:2)
  A dart slug (D:2)
  2 endoplasms (D:2)
  7 goblins
  5 hobgoblins
  A quokka (D:1)
  2 ball pythons
  A frilled lizard (D:1)
  2 kobolds
  A rat (D:2)
23 creatures vanquished.

Notes
Turn   | Place    | Note
-------+----------+-------------------------------------------
     0 | D:1      | Diomare the Merfolk Gladiator began the quest for the Orb.
     0 | D:1      | Reached XP level 1. HP: 16/16 MP: 1/1
   511 | D:1      | Reached XP level 2. HP: 19/22 MP: 2/2
  1477 | D:2      | Reached skill level 1 in Stealth
  1477 | D:2      | Reached XP level 3. HP: 25/27 MP: 3/3
  1505 | D:2      | Reached skill level 1 in Short Blades
  1505 | D:2      | Reached skill level 5 in Polearms
  1763 | D:2      | Noticed Terence
  1794 | D:2      | Mangled by Terence

Illustrated notes

Levels and vault maps discovered:
D:1:      giann_bridges, layout_basic, serial_park_tiny_pond
D:2:      layout_basic, st_stairs_12, uniq_terence

Skill      XL: |  1  2  3 |
---------------+----------+-----
Stealth        | 1 |  1.4
Short Blades   | 1 |  1.2
Polearms       | 5 |  5.0
Fighting       | |  2.4
Throwing       | |  2.0
Dodging        | |  4.5

Action                   || total
-------------------------++-------
Melee: Trident           ||    14
       Short sword       ||    77
       Punch             ||     1
  Use: Scroll            ||     2
Armor: Leather armour    ||     6
       Chain mail        ||    25
Dodge: Dodged            ||    23
